AoeStats
← ssjpipe1

Marketplace

504923277Analyzed
1v1 RM · 25d ago on Sep 7, 2026· 83m 43s· 2 players
Game mode
Random Map
Map size
Tiny (2 player)
Population
200
Speed
Normal
Resources
Standard
Victory
Conquest
Starting age
Dark Age
Ending age
Imperial Age
RankedLock teamsTeams togetherTeam positionsShared explorationLock speedFull tech treeHidden civsTurbo modeCheats
Victory
Defeat
🇨🇦 Italians · Canada
770
+18
🇨🇱 Lithuanians · Chile
823
-18
General Jar
11:27 Feudal Age
11:56 Double-Bit Axe
11:53 Horse Collar
13:01 Wheelbarrow
12:11 Town Watch
12:13 Loom
21:06 Forging
25:18 Castle Age
25:49 Padded Archer Armor
25:39 Fletching
26:41 Town Patrol
27:06 Bow Saw
29:21 Hand Cart
29:47 Squires
29:58 Heavy Plow
30:22 Stone Mining
31:19 Iron Casting
32:37 Pikeman
36:43 Imperial Age
38:48 Imperial Age
36:23 Bodkin Arrow
36:43 Leather Archer Armor
37:30 Silk Road
38:30 Caravan
39:56 Elite Skirmisher
42:01 Two-Man Saw
41:58 Guilds
41:58 Thumb Ring
45:02 Crop Rotation
46:41 Bracer
47:12 Ring Archer Armor
47:00 Elite Genoese Crossbowman
48:16 Hoardings
48:32 Ballistics
49:27 Conscription
52:03 Chemistry
51:14 Masonry
52:54 Blast Furnace
53:50 Bombard Tower
57:38 Husbandry
58:29 Light Cavalry
59:20 Bloodlines
62:12 Hussar
67:49 Scale Barding Armor
71:47 Architecture
75:53 Chain Barding Armor
77:51 Treadmill Crane
78:06 Murder Holes
78:26 Fortified Wall
ssjpipe1
7:43 Loom
10:35 Feudal Age
17:29 Forging
22:23 Castle Age
22:49 Fletching
23:15 Double-Bit Axe
31:19 Gold Mining
31:47 Bodkin Arrow
31:20 Crossbowman
34:51 Padded Archer Armor
34:58 Husbandry
35:45 Bow Saw
36:07 Horse Collar
37:20 Leather Archer Armor
37:42 Ballistics
39:13 Thumb Ring
46:10 Elite Skirmisher
49:29 Imperial Age
47:36 Wheelbarrow
49:10 Scale Barding Armor
49:42 Iron Casting
50:50 Chain Barding Armor
52:05 Tower Shields
51:58 Cavalier
54:26 Hand Cart
54:06 Town Watch
58:54 Plate Barding Armor
60:17 Bracer
61:08 Paladin
61:59 Bloodlines
65:53 Conscription
68:52 Ring Archer Armor
80:44 Two-Man Saw
80:12 Heavy Plow
Connection lost

Rejoining the realm…

Still unreachable

The connection could not be restored.

Session expired

The server has moved on; the page needs a fresh start.